 Dungeon Crawl Stone Soup version 0.22-a0-283-g1871b15 (webtiles) character file.

6316 4thArraOfDagon the Carver (level 11, -7/72 HPs)
             Began as a Formicid Warper on Mar 18, 2018.
             Was an Elder of Yredelemnul.
             Mangled by a meliai
             ... wielding a +0 war axe
              (8 damage)
             ... on level 13 of the Dungeon.
             The game lasted 00:27:38 (9087 turns).

4thArraOfDagon the Carver (Formicid Warper)         Turns: 9087, Time: 00:27:39

Health: -7/72      AC:  8    Str: 15    XL:     11   Next: 16%
Magic:  25/25      EV: 11    Int: 17    God:    Yredelemnul [****..]
Gold:   360        SH:  3    Dex: 16    Spells: 7/14 levels left

rFire    . . .     SeeInvis +   b - +1 scimitar (vamp)
rCold    . . .     Gourm    .   m - +0 buckler
rNeg     + + .     Faith    .   C - +1 robe "Ceytz" {rElec rN++ Str+2 Dex+2}
rPois    +         Spirit   .   (helmet unavailable)
rElec    +         Reflect  .   F - +1 cloak {rPois}
rCorr    .         Harm     +   w - +0 pair of gloves
MR       +....                  (no boots)
Stlth    +.........             I - amulet of harm
HPRegen  0.22/turn              u - +4 ring of dexterity
MPRegen  0.19/turn              J - ring of magical power

@: no status effects
A: permanent stasis, dig shafts and tunnels, four strong arms, antennae 3, thin
metallic scales 1, sense surroundings 1, electricity resistance, weak 1
a: Dig, Shaft Self, Recall Undead Slaves, Injury Mirror, Animate Dead, Drain
Life, Renounce Religion


You were on level 13 of the Dungeon.
You worshipped Yredelemnul.
Yredelemnul was greatly pleased with you.
You were not hungry.

You visited 2 branches of the dungeon, and saw 14 of its levels.

You collected 657 gold pieces.
You spent 297 gold pieces at shops.

Inventory:

Hand Weapons
 b - a +1 vampiric scimitar (weapon)
 g - a +2 short sword of venom
 z - a +0 long sword
 D - the +5 mace of Tomoaq {antimagic, Fragile +Rage Dex-4 Stlth+, unknown}
   (You took it off an orc on level 8 of the Dungeon)

   It reduces the magical energy of the wielder, and disrupts the spells and
   magical abilities of those hit.
   Natural abilities and divine invocations are not affected.
   It affects your dexterity (-4).
   It lets you go berserk.
   It will be destroyed if unequipped.
   It makes you more stealthy.
 G - a +3 long sword
Missiles
 e - 5 tomahawks of dispersal (quivered)
Armour
 i - a +1 scale mail
 m - a +0 buckler (worn)
 p - a +2 robe of fire resistance
 w - a +0 pair of gloves (worn)
 y - a +0 cloak of poison resistance
 C - the +1 robe "Ceytz" (worn) {rElec rN++ Str+2 Dex+2}
   (You found it on level 9 of the Dungeon)

   It affects your strength (+2).
   It affects your dexterity (+2).
   It insulates you from electricity.
   It greatly protects you from negative energy.
 F - a +1 cloak of poison resistance (worn)
Jewellery
 h - a +5 ring of intelligence
 u - a +4 ring of dexterity (left hand)
 I - an amulet of harm (around neck)
 J - a ring of magical power (right hand)
Wands
 a - a wand of scattershot (2)
 n - a wand of enslavement (21)
 B - a wand of clouds (5)
Scrolls
 d - a scroll of enchant armour
 q - a scroll of fear
 s - 2 scrolls of amnesia
 t - a scroll of remove curse
 E - a scroll of fog
Potions
 c - 7 potions of curing
 j - a potion of heal wounds
 k - a potion of cancellation
 o - a potion of might
 r - 2 potions of ambrosia
 v - a potion of mutation
 x - a potion of flight
Comestibles
 f - 13 rations


   Skills:
 - Level 2.1 Fighting
 * Level 14.0 Long Blades
 - Level 1.0 Throwing
 - Level 1.1 Armour
 - Level 1.7 Dodging
 - Level 2.1 Spellcasting
 - Level 2.6 Translocations
 + Level 7.8 Invocations
 - Level 3.0 Evocations


You had 7 spell levels left.
You knew the following spells:

 Your Spells              Type           Power        Failure   Level  Hunger
a - Passage of Golubria   Tloc           N/A          71%         4    #####..
b - Lesser Beckoning      Tloc           ##........   32%         3    ###....


Dungeon Overview and Level Annotations

Branches:
Dungeon (13/15)            Temple (1/1) D:6             Orc (0/2) D:10
   Lair: D:8-11      Vaults: D:13-14

Altars:
Ashenzari
Dithmenos
Elyvilon
Fedhas
Gozag
Kikubaaqudgha
Makhleb
Nemelex Xobeh
Ru
Sif Muna
Trog
Uskayaw
Vehumet
Xom
Yredelemnul
Zin
Lugonu

Shops:
D:5 !   D:10 (

Portals:
Trove: D:12 (give +3 storm dragon scales)


Innate Abilities, Weirdness & Mutations

You cannot be hasted, slowed, berserked, paralysed or teleported.
You can dig through walls and to a lower floor.
Your four strong arms can wield two-handed weapons with a shield.
You have a pair of large antennae on your head. (SInv)
You are partially covered in thin metallic scales. (AC +2)
You passively map a small area around you.
You are resistant to electric shocks. (rElec)
You are weak. (Str -2)


Message History

The meliai barely misses your flying skull.
There is an open door here.
Unknown command.
Unknown command.
You close the door.
Yredelemnul accepts your kill.
You feel a bit more experienced. Yredelemnul accepts your kill.
Your Long Blades skill increases to level 14!
You feel a bit more experienced.
There is an open door here.
You open the door. The meliai hits you with a war axe!
* * * LOW HITPOINT WARNING * * *
The meliai stings you!
* * * LOW HITPOINT WARNING * * *
You barely miss the meliai.
The meliai is heavily wounded.
The meliai hits you with a war axe!
You die...
Your body rises from the dead as a mindless zombie.

...>...# ########
.......# #..>...#
.......# #......#
.......# #......#
.......# #......#
.......######......#
.......'....#......#
.......####.'......#
.......# ###...@..#
####+### #####y## ,
, ##.# * ##z.# #.z##
#'## * #.yy...# ,
#..y...# * #......#


You could see a meliai.

Vanquished Creatures
  Erolcha (D:9)
  Pikel (D:7)
  Maurice (D:8)
  A wyvern (D:8)
  2 yaks (D:9)
  A steam dragon (shapeshifter) (D:8)
  Edmund (D:4)
  A water moccasin (D:6)
  A sky beast (D:7)
  2 ice beasts
  A slave (D:7)
  2 orc warriors
  2 black bears
  3 ogres
  A phantom (D:6)
  2 centaurs
  2 big kobolds (D:9)
  A bullfrog (D:8)
  A gnoll sergeant (D:9)
  A wyvern skeleton (D:12)
  A scorpion (D:5)
  11 killer bees
  4 wights (D:8)
  4 howler monkeys
  4 crimson imps
  A bullfrog zombie (D:9)
  A centaur zombie (D:8)
  4 hounds
  A bullfrog skeleton (D:9)
  2 orc priests
  A centaur skeleton (D:9)
  3 orc wizards
  An iguana (D:8)
  4 worker ants
  A hound skeleton (D:8)
  Robin (D:4)
  8 gnolls
  13 adders
  3 shadow imps
  An ooze (D:1)
  An adder skeleton (D:9)
  3 worms
  A worm (shapeshifter) (D:8)
  2 dart slugs
  6 leopard geckos
  31 orcs
  5 bats
  6 giant cockroaches
  11 goblins
  9 hobgoblins
  10 jackals
  5 quokkas
  7 frilled lizards
  A giant cockroach zombie (D:6)
  19 kobolds
  3 rats
217 creatures vanquished.

Vanquished Creatures (collateral kills)
  A gargoyle (D:13)
  2 meliai (D:13)
  A hungry ghost (D:13)
  3 vampire mosquitoes (D:13)
  An iguana (D:13)
  An orc wizard (D:13)
  2 orcs
11 creatures vanquished.

Vanquished Creatures (others)
  5 flying skulls (D:13)
  3 slaves (D:7)
  An orc wizard (D:7)
  A plant (D:8)
10 creatures vanquished.

Grand Total: 238 creatures vanquished

Notes
Turn   | Place    | Note
-------+----------+-------------------------------------------
     0 | D:1      | 4thArraOfDagon the Formicid Warper began the quest for the Orb.
     0 | D:1      | Reached XP level 1. HP: 16/16 MP: 3/3
   166 | D:1      | 4thArraOfDagon: ok lets play it safe
   170 | D:1      | Reached XP level 2. HP: 22/22 MP: 5/5
   206 | D:1      | Reached skill level 3 in Long Blades
   403 | D:1      | Reached XP level 3. HP: 5/27 MP: 6/6
   794 | D:2      | Found a deep blue altar of Sif Muna.
   810 | D:2      | Found a sparkling altar of Nemelex Xobeh.
   813 | D:2      | Found a white marble altar of Elyvilon.
   964 | D:3      | Sergey: what degree of safety ?
  1042 | D:3      | Reached skill level 4 in Long Blades
  1042 | D:3      | Reached XP level 4. HP: 30/33 MP: 7/7
  1066 | D:3      | Noticed an ice beast
  1170 | D:4      | Reached XP level 5. HP: 38/38 MP: 8/8
  1201 | D:4      | Sergey: but why dont you use spells ?
  1221 | D:4      | Reached skill level 5 in Long Blades
  1234 | D:4      | Learned a level 4 spell: Passage of Golubria
  1238 | D:4      | Learned a level 3 spell: Lesser Beckoning
  1244 | D:4      | Noticed Robin
  1266 | D:4      | Killed Robin
  1373 | D:5      | Entered Level 5 of the Dungeon
  1373 | D:5      | Noticed a centaur
  1466 | D:4      | Reached XP level 6. HP: 23/44 MP: 9/9
  1795 | D:5      | Reached skill level 6 in Long Blades
  1802 | D:5      | Found Sireim's Distillery.
  1966 | D:5      | Bought a potion of might for 44 gold pieces
  1966 | D:5      | Bought a potion of heal wounds for 55 gold pieces
  1971 | D:5      | Found a shadowy altar of Dithmenos.
  1984 | D:5      | Found a sparkling altar of Nemelex Xobeh.
  2219 | D:6      | Found a staircase to the Ecumenical Temple.
  2228 | Temple   | Entered the Ecumenical Temple
  2299 | Temple   | Became a worshipper of Yredelemnul the Dark
  2331 | D:6      | Noticed a water moccasin
  2344 | D:6      | Killed a water moccasin
  2344 | D:6      | Reached skill level 7 in Long Blades
  2344 | D:6      | Reached XP level 7. HP: 32/50 MP: 10/10
  2628 | D:5      | Reached skill level 8 in Long Blades
  2678 | D:5      | Reached XP level 8. HP: 35/56 MP: 11/11
  2931 | D:3      | Reached * piety under Yredelemnul
  3011 | D:2      | Reached skill level 9 in Long Blades
  3799 | D:4      | Noticed Edmund
  3822 | D:4      | Killed Edmund
  3822 | D:4      | Reached skill level 1 in Invocations
  4215 | D:5      | Bought a potion of mutation for 88 gold pieces
  4215 | D:5      | Bought a potion of heal wounds for 55 gold pieces
  4215 | D:5      | Bought a potion of heal wounds for 55 gold pieces
  4215 | D:5      | Gained mutation: You are weak. (Str -2) [potion of mutation]
  4215 | D:5      | Gained mutation: You are resistant to electric shocks. (rElec) [potion of mutation]
  4215 | D:5      | Gained mutation: You are partially covered in thin metallic scales. (AC +2) [potion of mutation]
  4215 | D:5      | Gained mutation: You passively map a small area around you. [potion of mutation]
  4651 | D:7      | Noticed Pikel
  4679 | D:7      | Killed Pikel
  4679 | D:7      | Reached skill level 10 in Long Blades
  4679 | D:7      | Reached XP level 9. HP: 39/61 MP: 12/12
  4905 | D:6      | Reached skill level 5 in Invocations
  5399 | D:7      | Found a bloodstained altar of Trog.
  5452 | D:7      | You fall through a shaft for 3 floors!
  5452 | D:10     | Entered Level 10 of the Dungeon
  5452 | D:10     | Noticed a six-headed hydra
  5497 | D:9      | Reached ** piety under Yredelemnul
  5591 | D:9      | Reached skill level 1 in Evocations
  6043 | D:9      | Noticed Erolcha
  6056 | D:9      | Killed Erolcha
  6056 | D:9      | Reached skill level 11 in Long Blades
  6056 | D:9      | Reached XP level 10. HP: 25/67 MP: 15/15
  6471 | D:9      | Found a radiant altar of Vehumet.
  6583 | D:9      | Got a brightly glowing robe
  6594 | D:9      | Identified the +1 robe "Ceytz" {rElec rN++ Str+2 Dex+2} (You found it on level 9 of the Dungeon)
  6640 | D:8      | Reached *** piety under Yredelemnul
  6687 | D:8      | Reached skill level 12 in Long Blades
  6878 | D:8      | Found a shimmering altar of Xom.
  6878 | D:8      | Found a shimmering altar of Xom.
  6878 | D:8      | Found a shimmering altar of Xom.
  6879 | D:8      | Found a shimmering altar of Xom.
  6880 | D:8      | Found a shimmering altar of Xom.
  6880 | D:8      | Found a shimmering altar of Xom.
  6882 | D:8      | Found a shimmering altar of Xom.
  6935 | D:8      | Noticed Maurice
  6973 | D:8      | Killed Maurice
  7061 | D:8      | HP: 2/67 [killer bee (5)]
  7121 | D:8      | HP: 1/67 [orc warrior/short sword (12)]
  7314 | D:8      | Reached skill level 13 in Long Blades
  7316 | D:8      | Got a faintly glowing mace {antimagic}
  7899 | D:11     | Noticed a cyan ugly thing
  8216 | D:10     | Reached **** piety under Yredelemnul
  8216 | D:10     | Received a gift from Yredelemnul (2 flying skulls)
  8237 | D:10     | Found a staircase to the Orcish Mines.
  8239 | D:10     | Found Giupyoca's Weapon Shop.
  8346 | D:10     | Noticed a tengu warrior
  8350 | D:10     | You fall through a shaft for 2 floors!
  8364 | D:12     | Reached XP level 11. HP: 21/72 MP: 16/16
  8747 | D:12     | Found a portal to a secret trove of treasure.
  8978 | D:13     | Received a gift from Yredelemnul (3 flying skulls)
  9080 | D:13     | Reached skill level 14 in Long Blades
  9086 | D:13     | HP: 1/72 [meliai/war axe (13)]
  9087 | D:13     | Mangled by a meliai

Vault maps used:
D:1:      roderic_octagonal_star
D:2:      minmay_overflow_temple_star_quad, first_ration
D:4:      minmay_door_square, uniq_edmund, uniq_robin
D:5:      grunt_dithmenos_smoke, serial_shops, nicolae_shop_stone,
          nemelex_altar_shiori
D:6:      minmay_temple_entry_statues_fountains
D:7:      minitemple, trog_ov_bears_minmay, uniq_pikel
D:8:      xom_shifter_show, hangedman_ranch, uniq_maurice
D:9:      marbit_many_paths, uniq_erolcha
D:10:     orc_david_3
D:11:     grunt_lair_entry_orc_guard_hut
D:12:     nicolae_trove_entry_crystal, uniq_josephine
D:13:     portal_ice_cave_entry_imps, hangedman_decor_diamond_cutter
Temple:   corrupted_temple

Skill      XL: |  1  2  3  4  5  6  7  8  9 10 11 |
---------------+----------------------------------+-----
Long Blades    | 3 4 5 7 8 10 11 13 14 | 14.0
Invocations    | 4 7 |  7.8
Evocations     | 3 |  3.0
Fighting       | |  2.1
Throwing       | |  1.0
Armour         | |  1.1
Dodging        | |  1.7
Spellcasting   | |  2.1
Translocations | |  2.6

Action                   |  1- 3 |  4- 6 |  7- 9 | 10-12 || total
-------------------------+-------+-------+-------+-------++-------
Melee: Falchion          |   108 |       |       |       ||   108
       Short sword       |     7 |   181 |   405 |   212 ||   805
       Long sword        |       |       |       |   118 ||   118
       Scimitar          |       |       |       |    12 ||    12
Invok: Recall Undead Sla |       |       |       |     1 ||     1
 Abil: Dig               |     7 |     8 |    12 |    23 ||    50
       Shaft Self        |       |       |     1 |     1 ||     2
Evoke: Wand              |       |       |    16 |     4 ||    20
  Use: Potion            |     1 |       |     1 |    12 ||    14
       Scroll            |     2 |     4 |     5 |     7 ||    18
 Stab: Paralysed         |       |       |     8 |       ||     8
       Sleeping          |       |       |       |     1 ||     1
  Eat: Chunk             |     1 |     4 |    12 |     9 ||    26
       Ration            |       |     1 |     1 |     3 ||     5
Armor: Leather armour    |    34 |       |       |       ||    34
       Scale mail        |    24 |    57 |    86 |    12 ||   179
       Ring mail         |       |       |    48 |       ||    48
       Robe              |       |       |       |    66 ||    66
       Skin              |       |       |       |    10 ||    10
Dodge: Dodged            |    74 |    67 |   132 |   118 ||   391
Block: Buckler           |       |     6 |    32 |    47 ||    85
       Rpst.: Falchion   |    18 |       |       |       ||    18
       Long sword        |       |       |       |    11 ||    11
       Scimitar          |       |       |       |     3 ||     3

Table legend:
 A = Spawn XP
 B = Non-spawn XP
 C = Spawn XP percentage of total XP
 D = Spawn monster count
 E = Non-spawn monster count
 F = Spawn count percentage of total count
 G = Total turns spent on level
                    A         B        C        D         E        F      G
               +---------+---------+-------+---------+---------+-------+---------
         Total |       0 |    9024 |   0.0 |       0 |     227 |   0.0 |  9087
               +---------+---------+-------+---------+---------+-------+---------
           D:1 |       0 |      38 |   0.0 |       0 |      19 |   0.0 |   704
           D:2 |       0 |      66 |   0.0 |       0 |      19 |   0.0 |   648
           D:3 |       0 |     205 |   0.0 |       0 |      21 |   0.0 |   619
           D:4 |       0 |     425 |   0.0 |       0 |      28 |   0.0 |  1121
           D:5 |       0 |     385 |   0.0 |       0 |      14 |   0.0 |   639
           D:6 |       0 |     442 |   0.0 |       0 |      14 |   0.0 |  1311
           D:7 |       0 |    1197 |   0.0 |       0 |      12 |   0.0 |   341
           D:8 |       0 |    2130 |   0.0 |       0 |      31 |   0.0 |  1064
           D:9 |       0 |    2372 |   0.0 |       0 |      40 |   0.0 |  1532
          D:10 |       0 |     294 |   0.0 |       0 |      10 |   0.0 |   222
          D:11 |       0 |     160 |   0.0 |       0 |       3 |   0.0 |    82
          D:12 |       0 |     225 |   0.0 |       0 |       4 |   0.0 |   511
          D:13 |       0 |    1085 |   0.0 |       0 |      12 |   0.0 |   224
               +---------+---------+-------+---------+---------+-------+---------
